 Dungeon Crawl Stone Soup version 0.26-a0-651-gb41185065b (webtiles) character file.

Game seed: 6720404156625172052

28 Irenicus the Slasher (level 3, -7/31 HPs)
             Began as a Minotaur Chaos Knight on Oct 29, 2020.
             Was a Plaything of Xom.
             Mangled by a worm (10 damage)
             ... on level 2 of the Dungeon.
             The game lasted 00:00:57 (568 turns).

Irenicus the Slasher (Minotaur Chaos Knight)         Turns: 568, Time: 00:00:58

Health: -7/31      AC:  5    Str: 16    XL:     3   Next: 0%
Magic:  2/2        EV: 11    Int:  9    God:    Xom [..*...]
Gold:   52         SH:  0    Dex: 10    Spells: 2/2 levels left

rFire    . . .     SeeInvis .   a - +0 falchion (chaos)
rCold    . . .     Faith    .   (no shield)
rNeg     . . .     Spirit   .   b - +2 leather armour
rPois    .         Reflect  .   (helmet restricted)
rElec    .         Harm     .   (no cloak)
rCorr    .         Rampage  .   (no gloves)
MR       .....                  (no boots)
Stlth    +.........             (no amulet)
HPRegen  0.10/turn              (no ring)
MPRegen  0.08/turn              (no ring)

@: no status effects
A: retaliatory headbutt, horns 2
a: Renounce Religion


You were on level 2 of the Dungeon.
You worshipped Xom.
You were a toy of Xom.
You visited 1 branch of the dungeon, and saw 2 of its levels.

You collected 52 gold pieces.

Inventory:

Hand Weapons
 a - a +0 falchion of chaos (weapon)
Armour
 b - a +2 leather armour (worn)
Scrolls
 d - 2 scrolls of identify {unknown}
 e - 2 scrolls of teleportation {unknown}
Potions
 c - a potion of heal wounds {unknown}


   Skills:
 - Level 3.6 Fighting
 + Level 5.1 Long Blades
 - Level 2.4 Armour
 - Level 1.1 Dodging


You had 2 spell levels left.
You didn't know any spells.
Your spell library was empty.

Dungeon Overview and Level Annotations

Branches:
Dungeon (2/15)

Altars:


Innate Abilities, Weirdness & Mutations

You reflexively headbutt those who attack you in melee.
You have a pair of horns on your head.


Message History

You kill the giant cockroach!
You see here a giant cockroach corpse.
e - a scroll labeled TIOH XIPUS A kobold comes into view.
It is wielding a -2 whip.
The kobold shouts!
Found two stone staircases leading down.
You hit the kobold.
You kill the kobold!
You see here a cursed -2 whip.
Done exploring.
You regained 5 hp, and now have 25/26 hp.
Done exploring.
Things that are here:
a +0 dagger; a goblin skeleton
There is a stone staircase leading down here.
Health restored: 26 You climb downwards.
There is a stone staircase leading up here.
A kobold comes into view.
The kobold shouts!
The kobold throws a stone.
The stone hits you but does no damage.
You see here a stone.
The kobold throws a stone.
The stone closely misses you.
The kobold throws a stone.
The stone hits you but does no damage.
You see here a stone.
The kobold misses you. You furiously retaliate!
You headbutt the kobold!
You kill the kobold!
Found an escape hatch in the floor.
You see here a kobold corpse.
You see here a kobold corpse.
There is an escape hatch in the floor here.
A rat comes into view.
You hit the rat.
You kill the rat!
Found a stone staircase leading up.
You open the door.
A worm comes into view.
A worm is nearby!
There is an open door here.
Found a stone staircase leading down.
The worm barely misses you.
You barely miss the worm. The worm barely misses you.
You riposte.
You slash the worm! You freeze the worm.
You headbutt the worm, but do no damage.
The worm is heavily wounded.
You barely miss the worm. You headbutt the worm.
The worm is severely wounded.
You barely miss the worm. You headbutt the worm.
The worm is severely wounded.
The worm barely misses you.
You barely miss the worm. You headbutt the worm.
You kill the worm!
Your Long Blades skill increases to level 5!
You see here a worm corpse.
You now have 40 gold pieces (gained 11).
You open the door.
There is an open door here.
e - 2 scrolls labeled TIOH XIPUS (gained 1)
You now have 52 gold pieces (gained 12).
You see here a robe.
A quokka comes into view.
The quokka twitches its whiskers.
You closely miss the quokka.
The quokka bites you but does no damage.
You hit the quokka.
The quokka evaporates and reforms as a hobgoblin!
You hit the hobgoblin. You freeze the hobgoblin.
You kill the hobgoblin!
d - 2 scrolls labeled LEDAFE ZYWI (gained 1)
A bat comes into view.
The bat barely misses you. You furiously retaliate!
You headbutt the bat, but do no damage.
You riposte.
You hit the bat.
You kill the bat!
You have reached level 3!
Your experience leads to an increase in your attributes!
Increase (s)trength, (i)ntelligence, or (d)exterity?
You feel agile.
Health restored: 31; MP restored: 2
Found a faded altar of an unknown god.
A worm comes into view.
A worm is nearby!
The worm bites you.
You take 6 damage, and have 25/31 hp.
You hit the worm.
The worm flickers and vanishes!
Deactivating autopickup; reactivate with Ctrl-A.
Something bites you but does no damage.
You barely miss something. Something bites you.
You take 3 damage, and have 23/31 hp.
You hit something.
Nothing appears to happen.
You hit something.
Nothing appears to happen.
Something bites you.
You take 6 damage, and have 17/31 hp.
You hit something. Your headbutt misses something. You closely miss something.
Your headbutt misses something. Something bites you!
* * * LOW HITPOINT WARNING * * *
A shower of butterflies erupts from you!
You take 14 damage, and have 3/31 hp.
MASSIVE DAMAGE!!
You hit something. You freeze something. Your headbutt misses something.
Something bites you!
You die...

##.## #.#####.# ## #
#.......# #. <...#####'##
#.## .# ##...## #.b. .#
##.....## #..##.##
#....†..#
######.b#b..##.#.........
.....bbb@......+.........
###...{.......#.........
###.##.#..######.......#
#.####........##
##.>...## #........♣....#
##..(## .###...♣.♣...#
##+## ##.♣._.♣..# #.#
#..♣.♣..## ########.##
#...♣...# #.........#


There were no monsters in sight!

Vanquished Creatures
  A worm (D:2)
  A dart slug (D:1)
  A giant cockroach (D:1)
  2 goblins (D:1)
  4 hobgoblins
  2 jackals (D:1)
  2 kobolds
  5 bats
  A frilled lizard (D:1)
  3 rats
22 creatures vanquished.

Notes
Turn   | Place    | Note
-------+----------+-------------------------------------------
     0 | D:1      | Irenicus the Minotaur Chaos Knight began the quest for the
                  | Orb.
     0 | D:1      | Reached XP level 1. HP: 19/19 MP: 0/0
    60 | D:1      | Reached skill level 4 in Long Blades
   132 | D:1      | Reached XP level 2. HP: 21/26 MP: 1/1
   486 | D:2      | Reached skill level 5 in Long Blades
   535 | D:2      | Reached XP level 3. HP: 31/31 MP: 2/2
   548 | D:2      | Found a faded altar of an unknown god.
   567 | D:2      | HP: 3/31 [something (14)]
   567 | D:2      | XOM: butterfly on damage
   568 | D:2      | Mangled by a worm

Illustrated notes

Levels and vault maps discovered:
D:1:      psy_arrival_statuary, layout_rooms
D:2:      layout_loops_corners, chequers_ecumenical_altar_simple_redux,
          minmay_pentomino_p4

Skill      XL: |  1  2 |
---------------+-------+-----
Long Blades    | 4 5 |  5.1
Fighting       | |  3.6
Armour         | |  2.4
Dodging        | |  1.1

Action                   || total
-------------------------++-------
Melee: Falchion          ||    43
       Headbutt          ||     6
Armor: Leather armour    ||    19
Dodge: Dodged            ||    21
       Rpst.: Falchion   ||     7

Table legend: (Time is in decaauts)
 A = Elapsed time spent in this place.
 B = Non-inter-level travel time spent in this place.
 C = Inter-level travel time spent in this place.
 D = Time resting spent in this place.
 E = Time spent auto-exploring this place.
 F = Levels seen in this place.
 G = Mean time per level.
                   A        B        C        D        E       F      G
               +--------+--------+--------+--------+--------+-----+--------+
         Total |    571 |    534 |     37 |      0 |    382 |   2 |  285.5 |
       Dungeon |    571 |    534 |     37 |      0 |    382 |   2 |  285.5 |
               +--------+--------+--------+--------+--------+-----+--------+

Top non-repeatable levels by time:
     D:1: 425 daAuts
     D:2: 145 daAuts

Table legend:
 A = Kills in this place as a percentage of kills in entire the game.
 B = Kills by you in this place as a percentage of kills by you in the entire game.
 C = Kills by friends in this place as a percentage of kills by friends in the entire game.
 D = Other kills in this place as a percentage of other kills in the entire game.
 E = Experience gained in this place as a percentage of experience gained in the entire game.
 F = Experience gained in this place divided by the number of levels of this place that you have seen.
                   A       B       C       D       E      F
               +-------+-------+-------+-------+-------+----------------------
         Total | 100.0 | 100.0 |   N/A |   N/A | 100.0 |  20.5
       Dungeon | 100.0 | 100.0 |   N/A |   N/A | 100.0 |  20.5
               +-------+-------+-------+-------+-------+----------------------
